 Dungeon Crawl Stone Soup version 0.24.1 (webtiles) character file.

Game seed: 13472403437031908177, levelgen mode: deterministic

12 Descartes the Ducker (level 2, 0/14 HPs)
             Began as a Felid Chaos Knight on Mar 28, 2020.
             Was a Plaything of Xom.
             Slain by a hobgoblin
             ... wielding a +0 club
              (2 damage)
             ... on level 1 of the Dungeon.
             The game lasted 00:01:22 (256 turns).

Descartes the Ducker (Felid Chaos Knight)            Turns: 256, Time: 00:01:23

Health: 0/14       AC:  1    Str:  8    XL:     2   Next: 20%
Magic:  3/3        EV: 18    Int: 13    God:    Xom [..*...]
Gold:   25         SH:  0    Dex: 15    Spells: 1/1 levels left
                                        Lives:  0   Deaths: 0

rFire    . . .     SeeInvis +     - Unarmed
rCold    . . .     Gourm    .   (shield unavailable)
rNeg     . . .     Faith    .   (armour unavailable)
rPois    .         Spirit   .   (helmet unavailable)
rElec    .         Reflect  .   (cloak unavailable)
rCorr    .         Harm     .   (gloves unavailable)
MR       .....                  (boots unavailable)
Stlth    ++........             (no amulet)
HPRegen  0.04/turn              (no ring)
MPRegen  0.08/turn              (no ring)

@: quick
A: very small, no armour, no weapons or thrown items, stealth, claws 1, fangs 3,
see invisible, carnivore, speed 1, shaggy fur 1, slow metabolism 1, sharp paws
a: Renounce Religion


You were on level 1 of the Dungeon.
You worshipped Xom.
You were a toy of Xom.
You were completely stuffed.

You visited 1 branch of the dungeon, and saw 1 of its levels.

You collected 25 gold pieces.

Inventory:

Hand Weapons
 e - a +0 club
Missiles
 f - 18 arrows
Scrolls
 b - a scroll of remove curse {unknown}
Potions
 c - a potion of brilliance {unknown}
Comestibles
 a - 3 rations
 d - 3 chunks of flesh


   Skills:
 + Level 3.1 Fighting
 + Level 3.4 Dodging
 * Level 1.6 Stealth
 + Level 3.1 Unarmed Combat


You had one spell level left.
You didn't know any spells.
Your spell library was empty.

Dungeon Overview and Level Annotations

Branches:
Dungeon (1/15)

Altars:


Innate Abilities, Weirdness & Mutations

You cannot wear armour.
You are incapable of wielding weapons or throwing items.
Your paws allow you to move quietly. (Stealth)
You have sharp claws.
You have razor-sharp teeth.
You have supernaturally acute eyesight. (SInv)
You are carnivorous and can eat meat at any time.
You cover ground quickly.
You are covered in fur. (AC +1)
You have a slow metabolism.
Your sharp claws are effective at attacking unaware monsters.


Message History

This raw flesh tastes great.
Eating one of 5 chunks of flesh.
You eat one of the 5 chunks of flesh.
This raw flesh tastes great.
Eating one of 4 chunks of flesh.
You eat one of the 4 chunks of flesh.
This raw flesh tastes great.
Eating one of 3 chunks of flesh.
You eat one of the 3 chunks of flesh.
This raw flesh tastes great.
The goblin is too close now for your liking.
d - 3 chunks of flesh (gained 1)
You see here a hobgoblin skeleton.
The goblin is too close now for your liking.
Found a stone staircase leading down.
You are too injured to fight recklessly!
The goblin is too close now for your liking.
You see here 18 arrows.
f - 18 arrows A hobgoblin comes into view.
It is wielding a +0 club.
The hobgoblin hits you with a +0 club.
You die... "It's all fun and games until someone loses an eye."

.....#
#.#####.##......# #
.....# #..# #.##......#
.# ..#### ##.##
#.##......####.# ###
#..# #.##...........#
###.###.##.รท.........+
#........g..)........#
#####
#.#........###.......#
....# #......g#..#
#.......# ....#
###....@#..# ##......#
....#
#.#.#.#..####......#
....#
###.#...#.....#......##
....#
........#..##.###.....#
....# ######.....##.#
#####.# #####
##.##.##.# #.#
#.....#.# #.#
#..#..#.#######.#
#............##.##


You could see a hobgoblin and a goblin (wandering).

Vanquished Creatures
  2 giant cockroaches (D:1)
  2 goblins (D:1)
  3 hobgoblins (D:1)
  2 kobolds (D:1)
  2 bats (D:1)
11 creatures vanquished.

Notes
Turn   | Place    | Note
-------+----------+-------------------------------------------
     0 | D:1      | Descartes the Felid Chaos Knight began the quest for the
                  | Orb.
     0 | D:1      | Reached XP level 1. HP: 10/10 MP: 2/2
   166 | D:1      | Reached skill level 1 in Stealth
   196 | D:1      | Reached XP level 2. HP: 12/14 MP: 3/3
   256 | D:1      | Slain by a hobgoblin

Levels and vault maps discovered:
D:1:      dpeg_arrival_rooms_c, layout_basic

Skill      XL: |  1 |
---------------+----+-----
Stealth        | 1 |  1.6
Fighting       | |  3.1
Dodging        | |  3.4
Unarmed Combat | |  3.1

Action                   || total
-------------------------++-------
Melee: Unarmed           ||    27
       Bite              ||     2
       Punch             ||     1
 Stab: Sleeping          ||     1
       Distracted        ||     1
  Eat: Chunk             ||     6
Armor: Skin              ||     3
Dodge: Dodged            ||    14
